 Dungeon Crawl Stone Soup version 0.29-a0-284-gf9362112df (webtiles) character file.

Game seed: 2588992114503075232

7473 testman the Thaumaturge (level 10, -19/81 HPs)
             Began as a Red Draconian Conjurer on Mar 17, 2022.
             Was a Priest of Vehumet.
             Demolished by a skeletal warrior
             ... wielding a +0 battleaxe
             ... led by a skeletal warrior
              (21 damage)
             ... on level 10 of the Dungeon.
             The game lasted 01:01:19 (11412 turns).

testman the Thaumaturge (Red Draconian Conjurer)   Turns: 11412, Time: 01:01:20

Health: -19/81     AC:  7    Str: 14    XL:     10   Next: 94%
Magic:  17/22      EV: 15    Int: 28    God:    Vehumet [***...]
Gold:   665        SH:  0    Dex: 23    Spells: 6/25 levels left

rFire   + . .      SeeInvis .   P - +4 long sword of Foolhardiness {vorpal, Str+4 Dex+7}
rCold   . . .      Faith    .   (no shield)
rNeg    . . .      Spirit   .   (body armour unavailable)
rPois   .          Reflect  .   (helmet restricted)
rElec   .          Harm     .   (no cloak)
rCorr   .          Rampage  .   (no gloves)
Will    .....                   (no boots)
Stlth   ++........              q - amulet of magic regeneration
HPRegen 0.23/turn               C - +6 ring of intelligence
MPRegen 0.58/turn               e - +6 ring of dexterity

@: no status effects
A: breathe fire, AC +7, unfitting armour, fire resistance 1, cold-blooded
a: Breathe Fire, Renounce Religion


You were on level 10 of the Dungeon.
You worshipped Vehumet.
Vehumet was most pleased with you.
You visited 2 branches of the dungeon, and saw 11 of its levels.

You collected 665 gold pieces.

Inventory:

Hand Weapons
 h - a +0 dagger of draining
 H - a +1 dagger of flaming
 I - a +5 short sword
 P - the +4 long sword of Foolhardiness (weapon) {vorpal, Str+4 Dex+7}
   (You found it on level 9 of the Dungeon)

   It inflicts extra damage upon your enemies.
   Str:       It affects your strength (+4).
   Dex:       It affects your dexterity (+7).
Missiles
 d - 3 atropa-tipped darts
 k - 338 stones
 m - 37 poisoned darts
 B - 6 curare-tipped darts
 F - 2 throwing nets
 O - 6 datura-tipped darts
 T - 3 boomerangs
Jewellery
 b - a ring of positive energy
 e - a +6 ring of dexterity (right hand)
 j - a ring of protection from cold
 n - a ring of ice
 q - an amulet of magic regeneration (around neck)
 C - a +6 ring of intelligence (left hand)
 Q - an amulet of faith
Wands
 l - a wand of acid (17)
 p - a wand of flame (34)
 L - a wand of iceblast (4)
 N - a wand of paralysis (6)
Scrolls
 c - 4 scrolls of teleportation
 f - a scroll of vulnerability {unknown}
 r - 3 scrolls of fear
 t - a scroll of silence {unknown}
 x - a scroll of torment {unknown}
 y - a scroll of enchant armour {unknown}
 A - a scroll of enchant weapon {unknown}
 D - a scroll of acquirement {unknown}
 E - a scroll of summoning {unknown}
 G - a scroll of blinking {unknown}
 R - 4 scrolls of identify
 U - a scroll of immolation {unknown}
Potions
 a - 2 potions of magic
 g - a potion of ambrosia
 i - 3 potions of curing
 o - 2 potions of mutation
 s - 2 potions of brilliance
 u - a potion of degeneration {unknown}
 v - 2 potions of cancellation
 w - 2 potions of lignification
 z - 2 potions of haste
 J - a potion of attraction {unknown}
 K - 2 potions of flight {unknown}
 M - a potion of might {unknown}
 S - a potion of heal wounds {unknown}


   Skills:
 - Level 5.4 Fighting
 - Level 5.0 Dodging
 - Level 1.7 Stealth
 + Level 8.1 Spellcasting
 + Level 7.6 Conjurations
 - Level 8.0 Hexes
 - Level 6.0 Translocations
 + Level 2.2 Fire Magic


You had 6 spell levels left.
You knew the following spells:

 Your Spells              Type           Power      Damage    Failure   Level
a - Magic Dart            Conj           100%       1d8       1%          1
b - Searing Ray           Conj           100%       2d8       1%          2
c - Dazzling Flash        Conj/Hex       100%       N/A       1%          3
d - Fulminant Prism       Conj/Hex       26%        3d14      1%          4
e - Apportation           Tloc           90%        N/A       1%          1
f - Iskenderun's Mystic   Conj/Tloc      49%        2d11      1%          4
g - Sticky Flame          Conj/Fire      39%        2d6       1%          4

Your spell library contained the following spells:

 Spells                   Type           Power      Damage    Failure   Level
 Ensorcelled Hibernation  Hex/Ice        66%        N/A       1%          2
 Summon Guardian Golem    Hex/Summ       33%        N/A       2%          3
 Animate Skeleton         Necr           22%        N/A       4%          1
 Summon Small Mammal      Summ           44%        N/A       4%          1
 Frozen Ramparts          Ice            22%        1d4       4%          3
 Passwall                 Tmut/Erth      9%         N/A       8%          2
 Call Canine Familiar     Summ           11%        N/A       14%         3
 Swiftness                Air            11%        N/A       14%         3
 Ice Form                 Ice/Tmut       11%        N/A       43%         4
 Summon Ice Beast         Ice/Summ       11%        N/A       43%         4


Dungeon Overview and Level Annotations

Branches:
Dungeon (10/15)            Temple (1/1) D:4            Lair (0/6) D:9
    Orc: D:9-12

Altars:
Ashenzari
Cheibriados
Dithmenos
Elyvilon
Fedhas
Gozag
Hepliaklqana
Kikubaaqudgha
Makhleb
Nemelex Xobeh
Okawaru
Qazlal
Ru
Sif Muna
Trog
Uskayaw
Vehumet
Wu Jian
Xom
Yredelemnul
Zin
The Shining One

Annotations:
D:2 Sigmund
D:10 Josephine, Lodul


Innate Abilities, Weirdness & Mutations

You can breathe blasts of fire.
Your fiery red scales are hard. (AC +7)
You cannot fit into any form of body armour.
Your flesh is heat resistant. (rF+)
You are cold-blooded and may be slowed by cold attacks.


Message History

HP restored.
You climb downwards.
Level annotation: Josephine, Lodul The skeletal warrior hits you with a +0 mace.
The ogre hits you with a +0 giant club!!
The skeletal warrior hits you with a +0 battleaxe!!
The skeletal warrior misses you.
The skeletal warrior hits you with a +0 mace.
The skeletal warrior hits you with a +0 battleaxe!!
* * * LOW HITPOINT WARNING * * *
The ogre shouts!
There is a stone staircase leading up, spattered with blood here.
Casting: Iskenderun's Mystic Blast (mildly dangerous; 1% risk of failure)
Confirm with . or Enter, or press ? or * to list all spells.
You erupt in a blast of force!
The mystic blast hits the ogre!
The ogre is heavily wounded.
The mystic blast hits the skeletal warrior.
The skeletal warrior is lightly damaged.
The skeletal warrior is knocked back by the mystic blast.
The skeletal warrior slams into the rock wall!
The skeletal warrior is lightly damaged.
The mystic blast hits the skeletal warrior.
The skeletal warrior is lightly damaged.
The skeletal warrior is knocked back by the mystic blast.
The mystic blast hits the skeletal warrior but does no damage.
The ogre barely misses you.
The skeletal warrior completely misses you.
Casting: Iskenderun's Mystic Blast (mildly dangerous; 1% risk of failure)
Confirm with . or Enter, or press ? or * to list all spells.
You erupt in a blast of force!
The mystic blast hits the ogre!
You kill the ogre!
Vehumet accepts your kill.
You feel your power returning.
The mystic blast hits the skeletal warrior!
The skeletal warrior is moderately damaged.
The skeletal warrior is knocked back by the mystic blast.
The skeletal warrior slams into the rock wall!
The mystic blast hits the skeletal warrior but does no damage.
The skeletal warrior hits you with a +0 battleaxe!!
You die...

###################....#
#......................#
...^..#########........#
#.....########.....#..##
............#........##
..........##.........#
###......[..........##
#..#.............##
###..#.#.....O.z@.z.#
............z...).<.#
.).........O......z.#
....)........#.....##
..#..#..##.####...##
).....#..#.# #####
............
.........#....
..............


You could see Lodul, 4 skeletal warriors and an ogre.

Vanquished Creatures
  Erica (D:10)
  A skeletal warrior (D:10)
  An ugly thing (D:9)
  Grinder (D:3)
  A wyvern (D:9)
  4 wraiths (D:9)
  2 steam dragons
  3 vampire mosquitoes (D:8)
  A water moccasin (D:9)
  An orc warrior (D:8)
  Duvessa (D:4)
  2 sky beasts
  A black bear (D:4)
  2 ice beasts (D:7)
  3 ogres
  3 centaurs
  3 phantoms
  3 kobold brigands
  A necrophage (D:5)
  4 bullfrogs
  2 scorpions
  A water moccasin zombie (D:5)
  14 wights
  Dowan (D:4)
  9 killer bees
  3 howler monkeys
  A crimson imp (D:9)
  A hound (D:6)
  3 jellies
  2 centaur zombies (D:5)
  A human zombie (D:5)
  3 orc priests
  A gnoll shaman (D:7)
  2 scorpion zombies (D:5)
  Jessica (D:3)
  2 iguanas
  7 orc wizards
  2 hound zombies (D:5)
  2 mummies (D:5)
  Robin (D:2)
  3 adders
  13 gnolls
  A shadow imp (D:7)
  An ufetubus (D:4)
  6 worms
  A dart slug (D:1)
  29 orcs
  10 ball pythons
  6 bats
  5 endoplasms
  3 giant cockroaches
  15 goblins
  13 hobgoblins
  24 kobolds
  4 quokkas
  A frilled lizard (D:2)
  3 rats
236 creatures vanquished.

Vanquished Creatures (others)
  6 fulminant prisms
6 creatures vanquished.

Grand Total: 242 creatures vanquished

Notes
Turn   | Place    | Note
-------+----------+-------------------------------------------
     0 | D:1      | testman the Draconian Conjurer began the quest for the Orb.
     0 | D:1      | Reached XP level 1. HP: 14/14 MP: 3/3
   317 | D:1      | Reached XP level 2. HP: 20/20 MP: 3/5
   321 | D:1      | Learned a level 2 spell: Searing Ray
   860 | D:2      | Reached XP level 3. HP: 26/26 MP: 5/7
   873 | D:2      | Learned a level 3 spell: Dazzling Flash
  1047 | D:2      | Noticed Sigmund
  1378 | D:2      | Reached skill level 1 in Hexes
  1378 | D:2      | Reached XP level 4. HP: 26/33 MP: 2/8
  1883 | D:2      | Found a faded altar of an unknown god.
  2081 | D:2      | Found a hide-covered altar of Uskayaw.
  2186 | D:3      | Noticed Robin
  2302 | D:2      | Killed Robin
  2397 | D:3      | Reached skill level 5 in Conjurations
  2414 | D:3      | Found an iron altar of Okawaru.
  2516 | D:3      | Reached XP level 5. HP: 38/38 MP: 4/10
  2521 | D:3      | Learned a level 4 spell: Fulminant Prism
  2624 | D:3      | Noticed Grinder
  2626 | D:3      | Paralysed by Grinder for 3 turns
  2636 | D:3      | Killed Grinder
  2637 | D:3      | Reached XP level 6. HP: 40/45 MP: 4/11
  2922 | D:3      | Noticed Jessica
  2928 | D:3      | Killed Jessica
  3241 | D:4      | Reached skill level 5 in Hexes
  3324 | D:4      | Your scales start taking on a fiery red colour.
  3324 | D:4      | Reached XP level 7. HP: 50/50 MP: 6/12
  3324 | D:4      | Gained mutation: Your flesh is heat resistant. (rF+) [Red
                  | Draconian growth]
  3333 | D:4      | Noticed Duvessa
  3368 | D:4      | Killed Duvessa
  3625 | D:4      | Learned a level 1 spell: Apportation
  3786 | D:4      | Noticed Dowan
  3794 | D:4      | Killed Dowan
  3950 | D:4      | Found a staircase to the Ecumenical Temple.
  3960 | Temple   | Entered the Ecumenical Temple
  4074 | Temple   | Became a worshipper of Vehumet
  4565 | D:4      | Reached skill level 1 in Translocations
  4717 | D:5      | Entered Level 5 of the Dungeon
  4751 | D:5      | Found a sparkling altar of Nemelex Xobeh.
  5237 | D:5      | Found an ancient bone altar of Kikubaaqudgha.
  5354 | D:5      | Reached XP level 8. HP: 48/57 MP: 10/14
  5885 | D:5      | Found a sacrificial altar of Ru.
  6206 | D:6      | Reached skill level 5 in Spellcasting
  6309 | D:6      | Learned a level 4 spell: Iskenderun's Mystic Blast
  7006 | D:7      | Reached * piety under Vehumet
  7006 | D:7      | Offered knowledge of Shock by Vehumet.
  7007 | D:7      | Reached XP level 9. HP: 30/62 MP: 17/17
  7185 | D:7      | Reached skill level 5 in Translocations
  7851 | D:7      | Reached skill level 1 in Fighting
  8575 | D:8      | Found a snail-covered altar of Cheibriados.
  8576 | D:8      | Found a shadowy altar of Dithmenos.
  8576 | D:8      | Found an opulent altar of Gozag.
  8657 | D:8      | Reached ** piety under Vehumet
  8657 | D:8      | Offered knowledge of Scorch by Vehumet.
  9029 | D:8      | Reached XP level 10. HP: 58/77 MP: 16/20
  9665 | D:9      | Identified the +4 long sword of Foolhardiness {vorpal,
                  | Str+4 Dex+7}
 10036 | D:9      | Found a staircase to the Lair.
 10073 | D:9      | Offered knowledge of Ignite Poison by Vehumet.
 10289 | D:9      | Found a glowing golden altar of the Shining One.
 10321 | D:9      | Noticed a purple ugly thing
 10357 | D:9      | Killed a purple ugly thing
 10389 | D:9      | Reached *** piety under Vehumet
 10511 | D:9      | Found a burning altar of Makhleb.
 10512 | D:9      | Found a shimmering altar of Xom.
 10570 | D:10     | Entered Level 10 of the Dungeon
 10571 | D:10     | Noticed Erica
 10774 | D:10     | Noticed a two-headed ogre
 10804 | D:10     | Noticed a skeletal warrior
 10804 | D:10     | Noticed Josephine
 10805 | D:10     | Noticed a skeletal warrior
 10806 | D:10     | Noticed a two-headed ogre
 10879 | D:10     | Noticed a skeletal warrior
 10882 | D:9      | Reached skill level 5 in Fighting
 11036 | D:10     | Killed Erica
 11036 | D:10     | Offered knowledge of Sticky Flame by Vehumet.
 11037 | D:10     | Reached skill level 5 in Dodging
 11042 | D:10     | Learned a level 4 spell: Sticky Flame
 11107 | D:10     | Noticed a skeletal warrior
 11107 | D:10     | Noticed Lodul
 11110 | D:10     | Killed a skeletal warrior
 11111 | D:10     | Reached skill level 1 in Fire Magic
 11127 | D:10     | Noticed a skeletal warrior
 11410 | D:10     | HP: 1/81 [skeletal warrior/+0 battleaxe[a skeletal warrior]
                  | (24)]
 11412 | D:10     | Demolished by a skeletal warrior

Illustrated notes

Levels and vault maps discovered:
D:1:      lemuel_arrival_behind_the_door_large, layout_loops_cross,
          serial_park_tiny_2
D:2:      layout_loops_ring, basic_altar, ebering_ecumenical_altar_sacrificial,
          minivault_14, kennysheep_nondescript, minmay_bisected, uniq_sigmund
D:3:      layout_basic, okawaru_altar_gauntlet_db, uniq_robin, uniq_jessica,
          uniq_grinder
D:4:      layout_basic, minmay_temple_entry_trees, uniq_duvessa
D:5:      layout_gridville, marbit_many_paths, lemuel_tele_altar,
          lemuel_mausoleum_altar_kikubaaqudgha
D:6:      layout_basic, nicolae_underground_beach
D:7:      layout_basic
D:8:      layout_loops_corners, minitemple, minivault_25
D:9:      layout_roguey, grunt_temple_overflow_champion_of_chaos,
          tso_metal_star, minmay_misc_feat_chi
D:10:     layout_rooms, orc_0_dummy, kennysheep_island_fort, uniq_erica,
          uniq_lodul, uniq_josephine
Temple:   minmay_temple_forest_path

Skill      XL: |  1  2  3  4  5  6  7  8  9 10 |
---------------+-------------------------------+-----
Spellcasting   | 3 4 5 7 8 |  8.1
Hexes          | 1 4 5 6 7 8 |  8.0
Conjurations   | 5 6 7 |  7.6
Translocations | 2 4 6 |  6.0
Dodging        | 3 5 |  5.0
Fighting       | 3 5 |  5.4
Fire Magic     | 2 |  2.2
Stealth        | |  1.7

Action                   |  1- 3 |  4- 6 |  7- 9 | 10-12 || total
-------------------------+-------+-------+-------+-------++-------
Melee: Unarmed           |     6 |       |       |       ||     6
       Dagger            |    22 |    32 |    85 |       ||   139
       Tailslap          |     4 |     5 |    17 |     3 ||    29
       Punch             |     1 |       |     1 |       ||     2
       Long sword        |       |       |       |    18 ||    18
 Cast: Magic Dart        |    23 |    55 |   128 |    14 ||   220
       Searing Ray       |     7 |    10 |    46 |    18 ||    81
       Dazzling Flash    |       |     1 |       |       ||     1
       Fulminant Prism   |       |       |     2 |     4 ||     6
       Iskenderun's Myst |       |       |       |    15 ||    15
       Sticky Flame      |       |       |       |     1 ||     1
 Abil: Breathe Fire      |       |       |    29 |    17 ||    46
  Use: Potion            |       |     1 |       |       ||     1
       Scroll            |       |       |     8 |     1 ||     9
 Stab: Sleeping          |     6 |     4 |     2 |       ||    12
Armor: Skin              |     9 |    11 |    47 |     4 ||    71
Dodge: Dodged            |    16 |    25 |    93 |    55 ||   189

Table legend: (Time is in decaauts)
 A = Elapsed time spent in this place.
 B = Non-inter-level travel time spent in this place.
 C = Inter-level travel time spent in this place.
 D = Time resting spent in this place.
 E = Time spent auto-exploring this place.
 F = Levels seen in this place.
 G = Mean time per level.
                   A        B        C        D        E       F      G
               +--------+--------+--------+--------+--------+-----+--------+
         Total |  11431 |  10980 |    451 |   2876 |   6420 |  11 | 1039.2 |
       Dungeon |  11035 |  10659 |    376 |   2876 |   6113 |  10 | 1103.5 |
        Temple |    395 |    320 |     75 |      0 |    307 |   1 |  395.0 |
               +--------+--------+--------+--------+--------+-----+--------+

Top non-repeatable levels by time:
     D:9: 1648 daAuts
     D:8: 1275 daAuts
     D:2: 1251 daAuts
     D:5: 1249 daAuts
     D:7: 1197 daAuts
     D:4: 1152 daAuts
     D:6: 1118 daAuts
     D:1: 1099 daAuts
     D:3: 821 daAuts
  Temple: 395 daAuts
    D:10: 220 daAuts
